 Dungeon Crawl Stone Soup version 0.18.1-50-g88ac8fd (webtiles) character file.

856 Firecrotchwizard the Cudgeler (level 7, 0/66 HPs)
             Began as a Troll Berserker on Sept 27, 2016.
             Was a Priest of Trog.
             Slain by an orc
             ... wielding a +0 flail
              (5 damage)
             ... on level 4 of the Dungeon.
             The game lasted 00:10:32 (2400 turns).

Firecrotchwizard the Cudgeler (Troll Berserker)     Turns: 2400, Time: 00:10:33

Health: 0/66       AC:  5    Str: 26    XL:     7   Next: 70%
Magic:  6/6        EV:  8    Int:  5    God:    Trog [***...]
Gold:   146        SH:  9    Dex: 11    Spells: 0 memorised, 6 levels left

rFire  + . .     SeeInvis .     e - +0 flail
rCold  . . .     Gourm    +     b - +0 animal skin
rNeg   . . .     Faith    .     n - +0 shield
rPois  .         Spirit   .     (helmet restricted)
rElec  .         Dismiss  .     (no cloak)
rCorr  .         Reflect  .     (gloves unavailable)
SustAt .         Harm     .     (boots unavailable)
MR     .....                    (no amulet)
Stlth  +.........               B - +2 ring of intelligence
                                k - ring of protection from fire

@: lethally poisoned (0 -> 0), exhausted, slowed, very slow, not resistant to
hostile enchantments, very unstealthy
A: unfitting armour, claws 3, fast metabolism 3, gourmand, regeneration 2,
shaggy fur 1, tough skin 2
a: Berserk, Trog's Hand, Burn Spellbooks, Renounce Religion


You were on level 4 of the Dungeon.
You worshipped Trog.
Trog was most pleased with you.
You were not hungry.

You visited 1 branch of the dungeon, and saw 4 of its levels.

You collected 146 gold pieces.

Inventory:

Hand Weapons
 a - a +0 mace
 e - a +0 flail (weapon)
 x - a +1 mace of holy wrath
Armour
 b - a +0 animal skin (worn)
 n - a +0 shield (worn)
Jewellery
 k - a ring of protection from fire (left claw)
 t - an uncursed ring of protection from fire
 B - a +2 ring of intelligence (right claw)
Scrolls
 d - 5 scrolls of remove curse {unknown}
 f - a scroll of fog {unknown}
 i - a scroll of enchant weapon {unknown}
 m - 3 scrolls of blinking {unknown}
 p - a scroll of identify {unknown}
 q - a scroll of noise {unknown}
 v - a scroll of amnesia {unknown}
 y - a scroll of random uselessness {unknown}
 A - a scroll of immolation {unknown}
Potions
 h - a potion of cure mutation {unknown}
 l - a potion of mutation {unknown}
 o - a potion of heal wounds {unknown}
 r - 2 potions of agility {unknown}
 s - a potion of curing {unknown}
 w - 2 potions of lignification {unknown}
Comestibles
 c - 3 bread rations
 g - 2 fruits
 j - a slice of pizza
 u - a royal jelly
 z - 2 meat rations


   Skills:
 - Level 2.5 Fighting
 + Level 7.6 Maces & Flails
 - Level 2.5 Dodging
 - Level 2.9 Shields


You had 6 spell levels left.
You didn't know any spells.

Dungeon Overview and Level Annotations

Branches:
Dungeon (4/15)
 Temple: D:4-7

Altars:
Okawaru
Ru
Yredelemnul


Innate Abilities, Weirdness & Mutations

You are too large for most types of armour.
You have claws for hands.
Your metabolism is lightning-fast.
You like to eat raw meat.
You heal very quickly.
You are covered in fur (AC +1).
You have very tough skin (AC +2).


Message History

* * * LOW HITPOINT WARNING * * *
You closely miss the orc.
You feel sick.
The giant cockroach bites you but does no damage.
The orc hits you but does no damage. You block the giant newt's attack.
The orc hits you with a flail.
* * * LOW HITPOINT WARNING * * *
The giant cockroach bites you.
* * * LOW HITPOINT WARNING * * *
You barely miss the orc.
You feel sick. You block the giant newt's attack. The orc barely misses you.
The giant cockroach bites you but does no damage.
The orc closely misses you. The giant newt bites you.
* * * LOW HITPOINT WARNING * * *
You barely miss the orc. You block the giant cockroach's attack.
The orc hits you with a flail.
* * * LOW HITPOINT WARNING * * *
You block the orc's attack. The giant cockroach bites you.
* * * LOW HITPOINT WARNING * * *
The giant newt closely misses you. The orc hits you with a flail.
You die...

##.......######.......#
#......##
#..........########
########
#.##.......[.<....#
######.......######.#
.....###.....#
.......###...#
.........##..#
#....l)..#..#
#..s@.....#
#..oo......#
#........#..#
##.....#.##.# #....##.#
..# #..###..# ### ###
.## #


You could see 2 orcs, a giant cockroach and a giant newt.

Vanquished Creatures
  The ghost of Pip the Firebug, an amateur NaFE (D:4)
  Grinder (D:3)
  The ghost of keangchong the Skirmisher, an amateur GrFi (D:3)
  Blork the orc (D:4)
  A scorpion (D:4)
  A howler monkey (D:4)
  A hound (D:4)
  An orc wizard (D:4)
  Jessica (D:3)
  An iguana (D:4)
  A gnoll (D:1)
  3 adders
  An adder skeleton (D:3)
  2 worms
  A dart slug (D:2)
  A giant gecko (D:3)
  12 orcs
  A giant cockroach (D:2)
  5 goblins
  14 hobgoblins
  3 jackals (D:3)
  A quokka (D:2)
  5 bats
  2 giant newts
  4 kobolds
  4 rats
70 creatures vanquished.

Notes
Turn   | Place    | Note
--------------------------------------------------------------
     0 | D:1      | Firecrotchwizard the Troll Berserker began the quest for the Orb.
     0 | D:1      | Reached XP level 1. HP: 22/22 MP: 0/0
    82 | D:1      | Reached skill level 3 in Maces & Flails
    82 | D:1      | Reached XP level 2. HP: 7/29 MP: 1/1
   886 | D:2      | Found an iron altar of Okawaru.
  1136 | D:2      | Found a basalt altar of Yredelemnul.
  1152 | D:2      | Reached XP level 3. HP: 36/36 MP: 2/2
  1273 | D:2      | Reached ** piety under Trog
  1475 | D:3      | Noticed keangchong's ghost (amateur GrFi)
  1482 | D:3      | Killed keangchong's ghost
  1482 | D:3      | Reached skill level 4 in Maces & Flails
  1482 | D:3      | Reached skill level 1 in Shields
  1482 | D:3      | Reached XP level 4. HP: 44/44 MP: 3/3
  1594 | D:3      | Noticed Grinder
  1595 | D:3      | Noticed Jessica
  1602 | D:3      | Killed Jessica
  1602 | D:3      | Reached XP level 5. HP: 50/50 MP: 4/4
  1611 | D:3      | Paralysed by Grinder for 5 turns
  1637 | D:3      | Killed Grinder
  1637 | D:3      | Reached skill level 5 in Maces & Flails
  1637 | D:3      | Reached XP level 6. HP: 25/59 MP: 5/5
  1884 | D:3      | Found a sacrificial altar of Ru.
  2118 | D:4      | Noticed Blork the orc
  2136 | D:4      | Killed Blork the orc
  2136 | D:4      | Reached skill level 6 in Maces & Flails
  2150 | D:4      | Reached *** piety under Trog
  2221 | D:4      | Noticed Pip's ghost (amateur NaFE)
  2234 | D:4      | Killed Pip's ghost
  2234 | D:4      | Reached XP level 7. HP: 41/66 MP: 6/6
  2305 | D:4      | Reached skill level 7 in Maces & Flails
  2400 | D:4      | Slain by an orc

Skill      XL: |  1  2  3  4  5  6  7 |
---------------+----------------------+-----
Maces & Flails | 3 4 5 6 7 |  7.6
Shields        | 1 2 |  2.9
Fighting       | |  2.5
Dodging        | |  2.5

Action                   |  1- 3 |  4- 6 |  7- 9 || total
-------------------------+-------+-------+-------++-------
Melee: Mace              |     5 |       |       ||     5
       Flail             |   128 |   146 |    37 ||   311
Invok: Trog's Hand       |     1 |     2 |     1 ||     4
       Berserk           |     1 |       |     1 ||     2
 Stab: Sleeping          |     1 |     1 |       ||     2
       Paralysed         |       |     1 |       ||     1
  Eat: Chunk             |    11 |    14 |       ||    25
Armor: Animal skin       |    63 |    40 |    18 ||   121
Dodge: Dodged            |    72 |    39 |    18 ||   129
Block: Shield            |    42 |    53 |    30 ||   125
